AoeStats
← MagicoMaravilla

Four Lakes

503317025Analyzed
2v2 RM · 1mo ago on Aug 31, 2026· 59m 58s· 4 players
Game mode
Random Map
Map size
Medium (4 player)
Population
200
Speed
Normal
Resources
Standard
Victory
Conquest
Starting age
Dark Age
Ending age
Imperial Age
RankedLock teamsTeams togetherTeam positionsShared explorationLock speedFull tech treeHidden civsTurbo modeCheats
Victory
Defeat
🇺🇸 Japanese · United States
665
+17
🇲🇽 Chinese · Mexico
612
+19
🇦🇷 Byzantines · Argentina
700
-19
🇦🇷 Teutons · Argentina
659
-17
ShodPhoenix012
0:37 Loom
10:49 Feudal Age
17:16 Wheelbarrow
23:59 Castle Age
25:31 Town Watch
26:29 Light Cavalry
39:08 Pikeman
40:50 Hand Cart
48:13 Imperial Age
55:55 Elite Chu Ko Nu
59:49 Elite Fire Lancer
60:16 Arson
TearsOfDisdain9
5:17 Loom
11:41 Feudal Age
11:42 Man-at-Arms
12:08 Arson
14:38 Double-Bit Axe
15:49 Fishing Lines
20:15 Horse Collar
25:41 Castle Age
25:10 Stone Mining
25:41 Gold Mining
25:59 Pikeman
26:39 Squires
27:56 Gold Shaft Mining
27:42 Bow Saw
34:32 Imperial Age
34:49 Sanctity
34:31 Elite Skirmisher
35:19 Thumb Ring
35:26 Gillnets
37:49 Crossbowman
39:18 Wheelbarrow
40:12 Two-Man Saw
39:42 Padded Archer Armor
39:48 Fletching
40:10 Forging
41:20 Leather Archer Armor
41:01 Bodkin Arrow
44:05 Hand Cart
44:15 Kataparuto
45:24 Heavy Plow
45:38 Elite Samurai
47:34 Ring Archer Armor
47:04 Bracer
47:40 Iron Casting
47:05 Scale Mail Armor
47:11 Scale Barding Armor
47:04 Halberdier
48:21 Scale Mail Armor
51:53 Yasama
52:04 Arbalester
54:20 Chain Mail Armor
54:10 Scale Barding Armor
55:45 Chemistry
58:07 Bracer
XLeopoldo83X
2:42 Loom
11:22 Feudal Age
23:42 Castle Age
21:32 Horse Collar
24:00 Scale Mail Armor
23:54 Double-Bit Axe
25:43 Scale Barding Armor
27:59 Forging
31:26 Town Watch
33:55 Chain Mail Armor
34:29 Bloodlines
37:43 Imperial Age
36:52 Fletching
38:07 Gambesons
38:39 Bow Saw
39:28 Wheelbarrow
40:04 Plate Mail Armor
39:40 Heavy Plow
40:44 Two-Man Saw
41:54 Iron Casting
45:48 Hand Cart
46:41 Blast Furnace
48:43 Chain Barding Armor
50:17 Squires
MagicoMaravilla
10:13 Feudal Age
8:28 Loom
15:21 Scale Barding Armor
21:52 Castle Age
20:25 Fletching
20:55 Double-Bit Axe
20:53 Horse Collar
21:54 Padded Archer Armor
23:41 Wheelbarrow
24:27 Bow Saw
24:14 Pikeman
36:28 Imperial Age
33:54 Elite Skirmisher
35:35 Ballistics
35:12 Murder Holes
35:48 Gold Mining
37:39 Forging
37:47 Leather Archer Armor
37:58 Halberdier
40:38 Squires
41:58 Scale Mail Armor
42:28 Chain Barding Armor
Connection lost

Rejoining the realm…

Still unreachable

The connection could not be restored.

Session expired

The server has moved on; the page needs a fresh start.